 Dungeon Crawl Stone Soup version 0.31.0-11-ge490571c62 (webtiles) character file.

Game seed: 8600157320562388519

52 hawla the Apothecary (level 3, -2/21 HPs)
             Began as a Deep Elf Alchemist on Feb 10, 2024.
             Slain by a goblin
             ... wielding a +0 club
             ... led by Robin
              (3 damage)
             ... on level 2 of the Dungeon.
             The game lasted 00:05:41 (1532 turns).

hawla the Apothecary (Deep Elf Alchemist)           Turns: 1532, Time: 00:05:41

Health: -2/21      AC:  2    Str:  5    XL:     3   Next: 60%
Magic:  7/9        EV: 12    Int: 21    God:
Gold:   64         SH:  0    Dex: 15    Spells: 5/8 levels left

rFire   . . .        (no weapon)
rCold   . . .        (no shield)
rNeg    . . .        a - +0 robe
rPois   .            (no helmet)
rElec   .            (no cloak)
rCorr   .            (no gloves)
SInv    .            (no boots)
Will    .....        (no amulet)
Stlth   ++           (no ring)
HPRegen 0.23/turn    (no ring)
MPRegen 0.11/turn

%: no passive effects
@: no status effects
A: no striking features
a: no special abilities


You were on level 2 of the Dungeon.
You visited 1 branch of the dungeon, and saw 2 of its levels.

You collected 64 gold pieces.

Inventory:

Armour
 a - a +0 robe (worn)
Scrolls
 c - 2 scrolls of immolation
Potions
 b - a potion of magic
 d - a potion of heal wounds {unknown}
 f - a potion of haste


   Skills:
 - Level 2.0 Fighting
 - Level 2.4 Dodging
 - Level 2.4 Stealth
 - Level 3.0 Spellcasting
 + Level 2.6 Conjurations
 - Level 3.2 Alchemy


You had 5 spell levels left.
You knew the following spells:

 Your Spells              Type           Power      Damage    Failure   Level
a - Sting                 Conj/Alch      60%        1d6       4%          1
b - Mercury Vapours       Alch/Air       20%        N/A       11%         2

Your spell library contained the following spells:

 Spells                   Type           Power      Damage    Failure   Level
 Mephitic Cloud           Conj/Alch/Air  11%        N/A       19%         3
 Olgreb's Toxic Radiance  Alch           16%        N/A       34%         4
 Sticky Flame             Fire/Alch      10%        2d5       56%         4


Dungeon Overview and Level Annotations

Branches:
Dungeon (2/15)

Altars:

Annotations:
D:2 Robin


Message History

The goblins go into a battle-frenzy!
The goblin shouts!
You hear a shout!
The hobgoblin shouts!
Okay, then.
Robin throws the goblin at you! The goblin hits you with a +0 dagger.
You miss the goblin. Robin throws the goblin at you!
The hobgoblin hits you but does no damage.
The goblin hits you with a +0 dagger.
You hit the goblin.
The goblin is moderately wounded.
The goblin hits you with a +0 club. The hobgoblin closely misses you.
The goblin barely misses you.
Casting: Sting (safe; 4% risk of failure)
Confirm with . or Enter, or press ? or * to list all spells.
Aiming: Sting (safe; 4% risk of failure)
Press: ? - help, Shift-Dir - straight line, f - goblin
Aim: a goblin, wielding a +0 dagger (moderately wounded, strong, 67% to hit)
The sting misses the goblin.
The goblin closely misses you. The hobgoblin hits you.
The goblin hits you with a +0 dagger.
* * * LOW HITPOINT WARNING * * *
Casting: Sting (safe; 4% risk of failure)
Confirm with . or Enter, or press ? or * to list all spells.
Aiming: Sting (safe; 4% risk of failure)
Press: ? - help, Shift-Dir - straight line, f/p - goblin
Aim: a goblin, wielding a +0 dagger (moderately wounded, strong, 67% to hit)
The sting hits the goblin.
The goblin is poisoned.
You kill the goblin!
The goblin barely misses you.
The hobgoblin hits you but does no damage.
The goblin closely misses you.
Things that are here:
a +0 dagger; a goblin corpse Robin throws the goblin at you!
* * * LOW HITPOINT WARNING * * *
The goblin closely misses you. The goblin hits you with a +0 club.
* * * LOW HITPOINT WARNING * * *
The goblin barely misses you.
There is a stone staircase leading up here.
The goblin hits you with a +0 club.
You die...

##### #...##
#.#..## #.##.@#
#.###g## ### #.#
#gg# #.# #.# ##r#
#.### #.# #)##
#...## #[# #.g#
#.#).# ## #.# ##g#
#.##.###. ##.# #.#
###)##..... #..#
###g####.......##g


You could see Robin, 2 hobgoblins, 2 goblins and a rat.

Vanquished Creatures
  An adder (D:2)
  A dart slug (D:2)
  4 bats (D:1)
  3 endoplasms (D:2)
  2 giant cockroaches
  7 goblins
  4 hobgoblins
  4 kobolds
  A quokka (D:1)
  5 ball pythons
  2 frilled lizards (D:2)
  4 rats
38 creatures vanquished.

Notes
Turn   | Place    | Note
-------+----------+-------------------------------------------
     0 | D:1      | hawla the Deep Elf Alchemist began the quest for the Orb.
     0 | D:1      | Reached XP level 1. HP: 10/10 MP: 6/6
   184 | D:1      | Reached skill level 1 in Fighting
   295 | D:1      | Reached XP level 2. HP: 16/16 MP: 5/8
  1099 | D:2      | Reached XP level 3. HP: 15/21 MP: 4/9
  1103 | D:2      | Learned a level 2 spell: Mercury Vapours
  1380 | D:2      | Noticed Robin
  1529 | D:2      | HP: 1/21 [goblin/+0 club[Robin] (5)]
  1532 | D:2      | Slain by a goblin

Illustrated notes

Levels and vault maps discovered:
D:1:      shiori_arrival_maze, layout_basic
D:2:      layout_rooms, basic_altar, amcnicky_mini_pool_small, st_stairs_12,
          uniq_robin

Skill      XL: |  1  2  3 |
---------------+----------+-----
Fighting       | 1 2 |  2.0
Conjurations   | 2 |  2.6
Dodging        | |  2.4
Stealth        | |  2.4
Spellcasting   | |  3.0
Alchemy        | |  3.2

Action                     || total
---------------------------++-------
  Melee: Unarmed           ||    10
   Cast: Sting             ||    65
    Use: Scroll            ||     3
 Armour: Robe              ||    32
  Dodge: Dodged            ||    37
